[Event "GambitGuide"]
[Site "Internet Chess Club"]
[Date "2014.10.31"]
[Round "1"]
[White "JSBach"]
[Black "JoseLL23"]
[Result "0-1"]
[ICCResult "White checkmated"]
[WhiteElo "1631"]
[BlackElo "1601"]
[Opening "Vienna: `Frankenstein-Dracula' variation"]
[ECO "C27"]
[NIC "VG.02"]
[Time "15:50:14"]
[TimeControl "120+12"]

1. e4 e5 2. Nc3 Nf6 3. Bc4 Nxe4 4. Qh5 Nd6 5. Bb3 Nc6 6. Nb5 g6 7. Qf3 f5 8.
Qd5 Qe7 9. Nxc7+ Kd8 10. Nxa8 b6 11. d3 Bb7 12. Nxb6 axb6 13. Qf3 Nd4 14.
Qg3 f4 15. Qg4 g5 16. Ba4 h5 17. Qd1 Bxg2 18. c3 Nc6 19. Bxc6 dxc6 20. Qb3
Kc7 21. Qa4 Kb7 22. Bd2 Bxh1 23. O-O-O e4 24. dxe4 Bxe4 25. h4 Bh6 26. Nh3
Ra8 27. Qb3 Bd5 28. Qb4 Rxa2 29. Nxg5 Ra1+ 30. Kc2 Rxd1 31. Kxd1 Bxg5 32.
hxg5 c5 33. Qxf4 Qe4 34. Qxe4 Bxe4 35. f4 Kc6 36. Ke2 Kd5 37. Be1 Ke6 38.
Ke3 Kf5 39. b3 Kg4 40. Bf2 h4 41. Bg1 Bc2 42. Kd2 Bxb3 43. Kc1 Kxf4 44. Bh2+
Kxg5 45. Bxd6 Kg4 46. Kd2 Kf3 47. Be5 h3 48. Kd3 c4+ 49. Kd4 b5 50. Bd6 Kg2
51. Kc5 Ba4 52. Kd5 h2 53. Bxh2 Kxh2 54. Kc5 Kg2 55. Kd5 Kf2 56. Kd4 Ke2 57.
Kc5 Kd2 58. Kd4 Kc2 59. Kd5 Kxc3 60. Ke5 b4 61. Ke4 b3 62. Kf4 b2 63. Kf5
b1=Q+ 64. Ke5 Qd1 65. Kf4 Qe1 66. Kg4 Qf2 67. Kg5 Qf3 68. Kg6 Qf4 69. Kg7
Qf5 70. Kh6 Qg4 71. Kh7 Kd4 72. Kh8 Ke5 73. Kh7 Kf6 74. Kh8 Qg7#
{White checkmated}
0-1

[Event "GambitGuide"]
[Site "Internet Chess Club"]
[Date "2014.10.31"]
[Round "1"]
[White "JSBach"]
[Black "Mateyou-01"]
[Result "1-0"]
[ICCResult "Black resigns"]
[WhiteElo "1631"]
[BlackElo "2203"]
[Opening "Vienna: `Frankenstein-Dracula' variation"]
[ECO "C27"]
[NIC "VG.02"]
[Time "15:56:53"]
[TimeControl "120+12"]

1. e4 e5 2. Nc3 Nf6 3. Bc4 Nxe4 4. Qh5 Nd6 5. Bb3 Nc6 6. Nb5 g6 7. Qf3 f5 8.
Qd5 Qe7 9. Nxc7+ Kd8 10. Nxa8 b6 11. d3 Bb7 12. Nxb6 axb6 13. Qf3 Bg7 14.
Be3 b5 15. Bd5 f4 16. Bc5 Rf8 17. Qh3 Qf6 18. Qxh7 e4 19. Bxd6 Qxb2 20. Rd1
exd3 21. Bxf8 Bxf8 22. cxd3 Qc3+ 23. Kf1 Qg7 24. Qh4+ Qe7 25. Qxf4 Bg7 26.
Re1 Qd6 27. Qxd6 {Black resigns} 1-0

[Event "GambitGuide"]
[Site "Internet Chess Club"]
[Date "2014.10.31"]
[Round "1"]
[White "JSBach"]
[Black "jojonini"]
[Result "1-0"]
[ICCResult "Black checkmated"]
[WhiteElo "1631"]
[BlackElo "1383"]
[Opening "Vienna: `Frankenstein-Dracula' variation"]
[ECO "C27"]
[NIC "VG.02"]
[Time "15:55:06"]
[TimeControl "120+12"]

1. e4 e5 2. Nc3 Nf6 3. Bc4 Nxe4 4. Qh5 Nd6 5. Bb3 Nc6 6. Nb5 g6 7. Qf3 f5 8.
Qd5 Qe7 9. Nxc7+ Kd8 10. Nxa8 b6 11. d3 Bb7 12. Nxb6 axb6 13. Qf3 Bg7 14.
Be3 e4 15. dxe4 Nxe4 16. Bxb6+ Kc8 17. Qe3 Re8 18. c3 Ng5 19. Ne2 Qxe3 20.
Bxe3 Ne4 21. Rd1 g5 22. O-O f4 23. Bb6 h5 24. Bf7 Rh8 25. Rfe1 g4 26. Nxf4
Ng5 27. Be8 Ne5 28. Bxh5 Ne6 29. Nxe6 dxe6 30. Rd4 Rxh5 31. Rd8#
{Black checkmated}
1-0

[Event "GambitGuide"]
[Site "Internet Chess Club"]
[Date "2014.10.31"]
[Round "1"]
[White "JSBach"]
[Black "pianoman"]
[Result "1-0"]
[ICCResult "Black resigns"]
[WhiteElo "1631"]
[BlackElo "2015"]
[Opening "Vienna: `Frankenstein-Dracula' variation"]
[ECO "C27"]
[NIC "VG.02"]
[Time "15:57:40"]
[TimeControl "120+12"]

1. e4 e5 2. Nc3 Nf6 3. Bc4 Nxe4 4. Qh5 Nd6 5. Bb3 Nc6 6. Nb5 g6 7. Qf3 f5 8.
Qd5 Qe7 9. Nxc7+ Kd8 10. Nxa8 b6 11. d3 Nd4 12. f4 Bb7 13. Qxe5 Qxe5+ 14.
fxe5 Bxg2 15. Bg5+ Kc8 16. Bf6 {Black resigns} 1-0

[Event "GambitGuide"]
[Site "Internet Chess Club"]
[Date "2014.10.31"]
[Round "1"]
[White "JSBach"]
[Black "VendingMachine"]
[Result "1-0"]
[ICCResult "Black checkmated"]
[WhiteElo "1631"]
[BlackElo "1341"]
[Opening "Vienna: `Frankenstein-Dracula' variation"]
[ECO "C27"]
[NIC "VG.02"]
[Time "15:57:33"]
[TimeControl "120+12"]

1. e4 e5 2. Nc3 Nf6 3. Bc4 Nxe4 4. Qh5 Nd6 5. Bb3 Nc6 6. Nb5 g6 7. Qf3 f5 8.
Qd5 Qe7 9. Nxc7+ Kd8 10. Nxa8 b6 11. d3 Nd4 12. h4 Bb7 13. Bg5 Bxd5 14. Nxb6
axb6 15. Bxe7+ Bxe7 16. Kf1 Bxb3 17. cxb3 Kc7 18. Rc1+ Kb7 19. Ne2 Nxe2 20.
Kxe2 Rc8 21. Rxc8 Kxc8 22. h5 Kd8 23. hxg6 hxg6 24. Rh6 g5 25. Rh7 Ke8 26.
a4 Nf7 27. Kf3 Kf8 28. Ke2 Kg8 29. Rh1 Kg7 30. Kd2 Kf6 31. Kd1 Ke6 32. Rh5
Kd6 33. Ke2 Kd5 34. Rh7 Ke6 35. f3 d5 36. Rh1 Bc5 37. Kd1 Bd4 38. Kc1 Nd6
39. Rh6+ Kd7 40. Rh5 Nf7 41. g4 f4 42. Kc2 Ke6 43. b4 Kf6 44. a5 bxa5 45.
bxa5 Kg7 46. b4 Kg6 47. b5 Nd6 48. b6 Nb5 49. b7 Ba7 50. Kd2 Nd6 51. a6 Nb5
52. Rh8 Nd4 53. Ra8 Nxf3+ 54. Kd1 e4 55. Rxa7 e3 56. b8=Q Nd4 57. Qd6+ Ne6
58. Qxe6# {Black checkmated} 1-0

[Event "GambitGuide"]
[Site "Internet Chess Club"]
[Date "2014.10.31"]
[Round "1"]
[White "JSBach"]
[Black "robbe"]
[Result "1-0"]
[ICCResult "Black forfeits on time"]
[WhiteElo "1631"]
[BlackElo "1327"]
[Opening "Vienna: `Frankenstein-Dracula' variation"]
[ECO "C27"]
[NIC "VG.02"]
[Time "15:54:50"]
[TimeControl "120+12"]

1. e4 e5 2. Nc3 Nf6 3. Bc4 Nxe4 4. Qh5 Nd6 5. Bb3 Nc6 6. Nb5 g6 7. Qf3 f5 8.
Qd5 Qe7 9. Nxc7+ Kd8 10. Nxa8 b6 11. d3 Bb7 12. Nxb6 axb6 13. Qf3 e4 14. Qe3
f4 15. Qxb6+ Kc8 16. Bxf4 exd3+ 17. Be3 Bh6 18. cxd3 Bxe3 19. fxe3 Re8 20.
e4 Nxe4 21. dxe4 Qxe4+ 22. Kf2 Rf8+ 23. Nf3 g5 24. Rac1 g4 25. Rhe1 Qf4 26.
Rc4 Qd2+ 27. Re2 Qd6 28. Rxg4 {Black forfeits on time} 1-0

[Event "GambitGuide"]
[Site "Internet Chess Club"]
[Date "2014.10.31"]
[Round "1"]
[White "JSBach"]
[Black "EngaBhoy"]
[Result "1-0"]
[ICCResult "Black resigns"]
[WhiteElo "1631"]
[BlackElo "2361"]
[Opening "Vienna: `Frankenstein-Dracula' variation"]
[ECO "C27"]
[NIC "VG.02"]
[Time "15:59:10"]
[TimeControl "120+12"]

1. e4 e5 2. Nc3 Nf6 3. Bc4 Nxe4 4. Qh5 Nd6 5. Bb3 Nc6 6. Nb5 g6 7. Qf3 f5 8.
Qd5 Qe7 9. Nxc7+ Kd8 10. Nxa8 b6 11. d3 Bb7 12. Nxb6 axb6 13. Qf3 Nd4 14.
Qh3 e4 15. Be3 exd3 16. O-O-O Nxb3+ 17. cxb3 Ba6 18. Bxb6+ Kc8 19. Nf3 Bg7
20. Rhe1 Qf6 21. Bd4 Qf7 22. Bxg7 Qxg7 23. Ne5 Kb7 24. Qf3+ Ka7 25. Qd5 Rc8+
26. Kb1 {Black resigns} 1-0

[Event "GambitGuide"]
[Site "Internet Chess Club"]
[Date "2014.10.31"]
[Round "1"]
[White "JSBach"]
[Black "SacaSangre"]
[Result "1-0"]
[ICCResult "Black resigns"]
[WhiteElo "1631"]
[BlackElo "1400"]
[Opening "Vienna: `Frankenstein-Dracula' variation"]
[ECO "C27"]
[NIC "VG.02"]
[Time "15:53:12"]
[TimeControl "120+12"]

1. e4 e5 2. Nc3 Nf6 3. Bc4 Nxe4 4. Qh5 Nd6 5. Bb3 Nc6 6. Nb5 g6 7. Qf3 f5 8.
Qd5 Qe7 9. Nxc7+ Kd8 10. Nxa8 b6 11. d3 Bb7 12. Nxb6 axb6 13. Qf3 Bg7 14.
Be3 Nd4 15. Qh3 Kc7 16. Rc1 Kb8 17. Ra1 h6 18. c3 Nxb3 19. axb3 f4 20. Bxb6
e4 21. d4 e3 22. Qg4 exf2+ 23. Kxf2 Qe3+ 24. Kf1 Ne4 25. Qe2 Qxe2+ 26. Kxe2
Re8 27. Kf1 Nd2+ 28. Kf2 Nxb3 29. Ra3 Nc1 30. c4 Re4 31. Rc3 Bxd4+ 32. Bxd4
Rxd4 33. Rxc1 g5 34. Nf3 Rd3 35. Rhe1 g4 36. Ng1 g3+ 37. hxg3 fxg3+ 38. Kf1
Rd2 39. Re2 Rd6 40. b4 Rf6+ 41. Ke1 h5 42. Rd1 h4 43. Rxd7 Bc8 44. Rde7 Ra6
45. Nf3 Ra1+ 46. Kd2 Ra2+ 47. Kc3 Ra3+ 48. Kb2 Rd3 49. Kc2 Ra3 50. Nxh4 Bg4
51. R2e3 {Black resigns} 1-0

[Event "GambitGuide"]
[Site "Internet Chess Club"]
[Date "2014.10.31"]
[Round "1"]
[White "JSBach"]
[Black "pianoman"]
[Result "1/2-1/2"]
[ICCResult "Game drawn by repetition"]
[WhiteElo "1631"]
[BlackElo "2015"]
[Opening "Vienna: `Frankenstein-Dracula' variation"]
[ECO "C27"]
[NIC "VG.02"]
[Time "15:58:41"]
[TimeControl "120+12"]

1. e4 e5 2. Nc3 Nf6 3. Bc4 Nxe4 4. Qh5 Nd6 5. Bb3 Nc6 6. Nb5 g6 7. Qf3 f5 8.
Qd5 Qe7 9. Nxc7+ Kd8 10. Nxa8 b6 11. d3 f4 12. Ba4 Nd4 13. Nxb6 axb6 14. Qa8
Kc7 15. Bd2 Bb7 16. Qa7 Bg7 17. Ba5 Nc8 18. Bxb6+ Nxb6 19. Kf1 Ra8 20. Qxa8
Bxa8 21. Bb3 Qg5 22. f3 Nd5 23. Bxd5 Bxd5 24. c3 Nc2 25. Rb1 Ne3+ 26. Ke1
Qxg2 27. c4 Qxg1+ 28. Rxg1 Bxf3 29. a4 Bf6 30. b4 Bh4+ 31. Kd2 Bf2 32. Rgc1
Nf5 33. Rf1 Be3+ 34. Kc3 Bd4+ 35. Kd2 Be3+ 36. Kc3 Bd4+ 37. Kd2 Be3+ 38. Kc3
Bd4+ 39. Kd2 {Game drawn by repetition} 1/2-1/2

[Event "GambitGuide"]
[Site "Internet Chess Club"]
[Date "2014.10.31"]
[Round "1"]
[White "JSBach"]
[Black "nsideurheadbro"]
[Result "1-0"]
[ICCResult "Black resigns"]
[WhiteElo "1631"]
[BlackElo "1184"]
[Opening "Vienna: `Frankenstein-Dracula' variation"]
[ECO "C27"]
[NIC "VG.02"]
[Time "15:54:44"]
[TimeControl "120+12"]

1. e4 e5 2. Nc3 Nf6 3. Bc4 Nxe4 4. Qh5 Nd6 5. Bb3 Nc6 6. Nb5 g6 7. Qf3 f5 8.
Qd5 Qe7 9. Nxc7+ Kd8 10. Nxa8 b6 11. d3 Bb7 12. Nxb6 axb6 13. Qf3 Nd4 14.
Qh3 f4 15. Ba4 h6 16. Bd2 g5 17. Bc3 N6f5 18. Kf1 h5 19. Bxd4 Nxd4 20. f3 g4
21. fxg4 f3 22. Nxf3 Nxf3 23. gxf3 Bg7 24. gxh5 Rf8 25. Ke2 Bxf3+ 26. Qxf3
Rxf3 27. Kxf3 Qh4 28. Rag1 Bf8 29. Rg4 Qxh5 30. Kg3 Bd6 31. Rg8+ Kc7 32. Rg7
e4+ 33. Kf2 Qf3+ 34. Ke1 Qxh1+ 35. Kf2 Qf3+ 36. Ke1 Qh1+ 37. Kf2 Qxh2+ 38.
Ke1 exd3 39. Rxd7+ Kc8 40. cxd3 Bb4+ 41. Kf1 Bc5 42. d4 Qf4+ 43. Ke2 Bxd4
44. b3 Qe3+ 45. Kd1 Bb2 46. Bb5 Qc1+ 47. Ke2 Qb1 48. Ra7 Bd4 49. Bd3 Qb2+
50. Kf3 Qf2+ 51. Kg4 Qe3 52. Bf5+ Kb8 53. Rd7 Qg1+ 54. Kf4 Be3+ 55. Ke4 Bc5
56. Rd8+ Kb7 57. Rd3 Qe1+ 58. Kd5 Qh1+ 59. Be4 Qh5+ 60. Kc4+ Ka6 61. a4 Qh8
62. b4 Bf8 63. b5+ Ka5 64. Rd8 Qg8+ 65. Bd5 Qg4+ 66. Kd3 Bh6 67. Ra8+ Kb4
68. Ra6 Qg3+ 69. Ke4 Qe3+ 70. Kf5 Bf8 71. Ra7 Bc5 72. Ra8 Qf2+ 73. Ke6 Qe3+
74. Kf5 Qc3 75. Ra7 Qc2+ 76. Ke6 Qg6+ 77. Ke5 Qg5+ 78. Ke4 Kc3 79. Rf7 Qg4+
80. Rf4 Qe2+ 81. Kf5 Qe3 82. Rf3 Qxf3+ 83. Bxf3 Kb4 84. Bd1 Ka3 85. Bc2 Bb4
86. Ke4 Bc5 87. Kf5 Bb4 88. Ke4 Bc5 89. Kf5 Bb4 90. Kf6 Bc5 91. Ke5 Bb4 92.
Kf4 Bc5 93. Kg3 Bb4 94. Kf2 Bc5+ 95. Kf3 Bb4 96. Kf4 Bc5 97. Ke5 Bd6+ 98.
Kxd6 Kb4 99. Kc7 {Black resigns} 1-0

[Event "GambitGuide"]
[Site "Internet Chess Club"]
[Date "2014.10.31"]
[Round "1"]
[White "JSBach"]
[Black "DOLATA"]
[Result "1-0"]
[ICCResult "Black resigns"]
[WhiteElo "1631"]
[BlackElo "2094"]
[Opening "Vienna: `Frankenstein-Dracula' variation"]
[ECO "C27"]
[NIC "VG.02"]
[Time "16:00:25"]
[TimeControl "120+12"]

1. e4 e5 2. Nc3 Nf6 3. Bc4 Nxe4 4. Qh5 Nd6 5. Bb3 Nc6 6. Nb5 g6 7. Qf3 f5 8.
Qd5 Qe7 9. Nxc7+ Kd8 10. Nxa8 b6 11. d3 Bb7 12. Nxb6 axb6 13. Qf3 e4 14.
dxe4 Nd4 15. Qg3 Nxe4 16. Qb8+ Bc8 17. Qxb6+ Ke8 18. Qxd4 Bg7 19. Qe3 Bb7
20. f3 Nd6 21. Qxe7+ Kxe7 22. a4 Re8 23. Ne2 Kd8 24. a5 Ba6 25. c4 Kc7 26.
Rb1 Nb7 27. Bd2 Nc5 28. Bc2 Ne6 29. b3 h6 30. Kf2 Rf8 31. Nf4 g5 32. Nxe6+
dxe6 33. c5 e5 34. Rhd1 Bb7 35. Bd3 e4 36. Be2 exf3 37. Bxf3 Ba6 38. b4 Bb5
39. Bd5 g4 40. Bf4+ Kc8 41. g3 h5 42. Be6+ Kb7 43. Bd6 Re8 44. Bxf5
{Black resigns}
1-0

[Event "GambitGuide"]
[Site "Internet Chess Club"]
[Date "2014.10.31"]
[Round "1"]
[White "JSBach"]
[Black "pianoman"]
[Result "0-1"]
[ICCResult "White checkmated"]
[WhiteElo "1631"]
[BlackElo "2015"]
[Opening "Vienna: `Frankenstein-Dracula' variation"]
[ECO "C27"]
[NIC "VG.02"]
[Time "16:01:45"]
[TimeControl "120+12"]

1. e4 e5 2. Nc3 Nf6 3. Bc4 Nxe4 4. Qh5 Nd6 5. Bb3 Nc6 6. Nb5 g6 7. Qf3 f5 8.
Qd5 Qe7 9. Nxc7+ Kd8 10. Nxa8 b6 11. d3 f4 12. Ba4 Nd4 13. Nxb6 axb6 14. Qa8
Kc7 15. Bd2 Bb7 16. Qa7 Bg7 17. Ba5 Nc8 18. Bxb6+ Nxb6 19. Kf1 Ra8 20. Qxa8
Bxa8 21. Bb3 f3 22. gxf3 Nxf3 23. Nxf3 Bxf3 24. Rg1 Qh4 25. Rg3 e4 26. c3
Be5 27. dxe4 Bxg3 28. fxg3 Qxh2 29. Bd1 Qh1+ 30. Kf2 Bxd1 31. b4 Qf3+ 32.
Kg1 Nc4 33. Kh2 Ne3 34. e5 Qg2# {White checkmated} 0-1

[Event "GambitGuide"]
[Site "Internet Chess Club"]
[Date "2014.10.31"]
[Round "1"]
[White "JSBach"]
[Black "nsideurheadbro"]
[Result "1-0"]
[ICCResult "Black checkmated"]
[WhiteElo "1631"]
[BlackElo "1184"]
[Opening "Vienna: `Frankenstein-Dracula' variation"]
[ECO "C27"]
[NIC "VG.02"]
[Time "16:02:43"]
[TimeControl "120+12"]

1. e4 e5 2. Nc3 Nf6 3. Bc4 Nxe4 4. Qh5 Nd6 5. Bb3 Nc6 6. Nb5 g6 7. Qf3 f5 8.
Qd5 Qe7 9. Nxc7+ Kd8 10. Nxa8 b6 11. d3 Bb7 12. Nxb6 axb6 13. Qf3 f4 14. Bd2
e4 15. Qxf4 exd3+ 16. Be3 Ne5 17. Bxb6+ Kc8 18. Kf1 Bg7 19. Rc1 Rf8 20.
cxd3+ Kb8 21. Bc7+ Ka8 22. Qa4+ Ba6 23. Qxa6# {Black checkmated} 1-0

[Event "GambitGuide"]
[Site "Internet Chess Club"]
[Date "2014.10.31"]
[Round "1"]
[White "JSBach"]
[Black "fishhead"]
[Result "1-0"]
[ICCResult "Black resigns"]
[WhiteElo "1631"]
[BlackElo "1597"]
[Opening "Vienna: `Frankenstein-Dracula' variation"]
[ECO "C27"]
[NIC "VG.02"]
[Time "16:01:48"]
[TimeControl "120+12"]

1. e4 e5 2. Nc3 Nf6 3. Bc4 Nxe4 4. Qh5 Nd6 5. Bb3 Nc6 6. Nb5 g6 7. Qf3 f5 8.
Qd5 Qe7 9. Nxc7+ Kd8 10. Nxa8 b6 11. d3 Bb7 12. Nxb6 axb6 13. Qf3 Na5 14.
Qe3 Nxb3 15. Qxb6+ Ke8 16. Qxb3 Bg7 17. Kf1 Qf7 18. Qxf7+ Kxf7 19. a4 Ra8
20. a5 Ba6 21. Ke2 Nb5 22. Nf3 d5 23. c4 Nc7 24. c5 e4 25. Ne1 Nb5 26. Rf1
Nd4+ 27. Ke3 Rb8 28. f3 exd3 29. Rg1 Nc2+ 30. Nxc2 dxc2 31. Ra2 Rb3+ 32. Kd2
Bd3 33. Ra4 d4 34. f4 Be4 35. a6 d3 36. a7 Ba8 37. c6 Bxb2 38. c7 Bc3+ 39.
Kxd3 Ba5+ 40. Kc4 Rc3+ 41. Kd4 Rxc7 42. Rxa5 {Black resigns} 1-0

[Event "GambitGuide"]
[Site "Internet Chess Club"]
[Date "2014.10.31"]
[Round "1"]
[White "JSBach"]
[Black "nsideurheadbro"]
[Result "1-0"]
[ICCResult "Black resigns"]
[WhiteElo "1631"]
[BlackElo "1184"]
[Opening "Vienna: `Frankenstein-Dracula' variation"]
[ECO "C27"]
[NIC "VG.02"]
[Time "16:04:26"]
[TimeControl "120+12"]

1. e4 e5 2. Nc3 Nf6 3. Bc4 Nxe4 4. Qh5 Nd6 5. Bb3 Nc6 6. Nb5 g6 7. Qf3 f5 8.
Qd5 Qe7 9. Nxc7+ Kd8 10. Nxa8 b6 11. d3 Bb7 12. Nxb6 axb6 13. Qf3 g5 14. Qe3
f4 15. Qxb6+ Ke8 16. Bd5 Nc8 17. Qxb7 {Black resigns} 1-0

[Event "GambitGuide"]
[Site "Internet Chess Club"]
[Date "2014.10.31"]
[Round "1"]
[White "JSBach"]
[Black "Activekids"]
[Result "0-1"]
[ICCResult "White checkmated"]
[WhiteElo "1631"]
[BlackElo "2140"]
[Opening "Vienna: `Frankenstein-Dracula' variation"]
[ECO "C27"]
[NIC "VG.02"]
[Time "16:02:57"]
[TimeControl "120+12"]

1. e4 e5 2. Nc3 Nf6 3. Bc4 Nxe4 4. Qh5 Nd6 5. Bb3 Nc6 6. Nb5 g6 7. Qf3 f5 8.
Qd5 Qe7 9. Nxc7+ Kd8 10. Nxa8 b6 11. d3 Bb7 12. Nxb6 axb6 13. Qf3 Nd4 14.
Qh3 f4 15. Ba4 b5 16. Bb3 e4 17. Bxf4 exd3+ 18. Kf1 Ne2 19. Bxd6 Qxd6 20.
cxd3 Nf4 21. Qh4+ Be7 22. Qxf4 Qxf4 23. Re1 Rf8 24. f3 Bc5 25. Ne2 Qe3 26.
Nd4 Qxd4 27. Re2 Qxd3 28. Ke1 Re8 29. Rxe8+ Kxe8 30. Rf1 Be3 31. Rf2 Bxf2+
32. Kxf2 g5 33. Kg3 h5 34. Bg8 Bc8 35. a3 d6 36. h3 Qd4 37. b4 g4 38. hxg4
hxg4 39. Bb3 gxf3 40. gxf3 Qc3 41. a4 Qxb3 42. axb5 Qxb4 43. b6 Qxb6 44. Kg2
Qe3 45. f4 Bb7+ 46. Kf1 Qd2 47. f5 Kf8 48. f6 Kf7 49. Kg1 Qg2#
{White checkmated}
0-1

[Event "GambitGuide"]
[Site "Internet Chess Club"]
[Date "2014.10.31"]
[Round "1"]
[White "JSBach"]
[Black "nsideurheadbro"]
[Result "1-0"]
[ICCResult "Black resigns"]
[WhiteElo "1637"]
[BlackElo "1184"]
[Opening "Vienna: `Frankenstein-Dracula' variation"]
[ECO "C27"]
[NIC "VG.02"]
[Time "16:05:36"]
[TimeControl "120+12"]

1. e4 e5 2. Nc3 Nf6 3. Bc4 Nxe4 4. Qh5 Nd6 5. Bb3 Nc6 6. Nb5 g6 7. Qf3 f5 8.
Qd5 Qe7 9. Nxc7+ Kd8 10. Nxa8 b6 11. d3 Bb7 12. Nxb6 axb6 13. Qf3 g5 14. Qe3
Bh6 15. Qxb6+ Kc8 16. Bd5 e4 17. d4 f4 18. Ne2 e3 19. O-O exf2+ 20. Rxf2
Nxd4 21. Bxb7+ Nxb7 22. Nxd4 Qe1+ 23. Rf1 Qe7 24. Qxh6 {Black resigns} 1-0

[Event "GambitGuide"]
[Site "Internet Chess Club"]
[Date "2014.10.31"]
[Round "1"]
[White "JSBach"]
[Black "SacaSangre"]
[Result "1-0"]
[ICCResult "Black resigns"]
[WhiteElo "1637"]
[BlackElo "1400"]
[Opening "Vienna: `Frankenstein-Dracula' variation"]
[ECO "C27"]
[NIC "VG.02"]
[Time "16:01:18"]
[TimeControl "120+12"]

1. e4 e5 2. Nc3 Nf6 3. Bc4 Nxe4 4. Qh5 Nd6 5. Bb3 Nc6 6. Nb5 g6 7. Qf3 f5 8.
Qd5 Qe7 9. Nxc7+ Kd8 10. Nxa8 b6 11. d3 Bb7 12. Nxb6 axb6 13. Qf3 e4 14. Qe3
Kc7 15. Ne2 h5 16. Nf4 Ne5 17. dxe4 Bxe4 18. Nd5+ Bxd5 19. Bxd5 Nc6 20. c4
Qxe3+ 21. Bxe3 Bh6 22. f4 Re8 23. Kd2 Ne4+ 24. Ke2 Ne7 25. Rhd1 Nxd5 26.
Rxd5 Bg7 27. Rb5 Nc5 28. Rd1 g5 29. Kd2 gxf4 30. Bxc5 bxc5 31. Rxc5+ Kb6 32.
Rxf5 Re4 33. b3 Bd4 34. Rxh5 Be3+ 35. Kd3 Re6 36. a4 Bf2 37. b4 Re3+ 38. Kd2
{Black resigns}
1-0

[Event "GambitGuide"]
[Site "Internet Chess Club"]
[Date "2014.10.31"]
[Round "1"]
[White "JSBach"]
[Black "bardenbabe"]
[Result "1/2-1/2"]
[ICCResult "Game drawn by repetition"]
[WhiteElo "1637"]
[BlackElo "1637"]
[Opening "Vienna: `Frankenstein-Dracula' variation"]
[ECO "C27"]
[NIC "VG.02"]
[Time "16:01:31"]
[TimeControl "120+12"]

1. e4 e5 2. Nc3 Nf6 3. Bc4 Nxe4 4. Qh5 Nd6 5. Bb3 Nc6 6. Nb5 g6 7. Qf3 f5 8.
Qd5 Qe7 9. Nxc7+ Kd8 10. Nxa8 b6 11. d3 Bb7 12. Nxb6 axb6 13. Qf3 Bg7 14.
Be3 Kc7 15. Bd5 Re8 16. c3 e4 17. dxe4 Nxe4 18. Rd1 Ba6 19. Ne2 Ne5 20. Bf4
d6 21. Qh3 Bf6 22. Nd4 Ng4 23. Ne6+ Kd7 24. Bxe4 Qxe6 25. f3 fxe4 26. Rxd6+
Qxd6 27. Bxd6 exf3+ 28. Kd1 Be2+ 29. Kd2 Bg5+ 30. Kc2 fxg2 31. Re1 Kxd6 32.
Qxh7 Be3 33. Qf7 Re6 34. Qf8+ Re7 35. Qb8+ Kc6 36. Qa8+ Kd6 37. Qxg2 Bf2 38.
Rxe2 Rxe2+ 39. Kd3 Re3+ 40. Kc2 Re2+ 41. Kd3 Re3+ 42. Kc2 Re2+ 43. Kd3 Re3+
44. Kc2 {Game drawn by repetition} 1/2-1/2

[Event "GambitGuide"]
[Site "Internet Chess Club"]
[Date "2014.10.31"]
[Round "1"]
[White "JSBach"]
[Black "nsideurheadbro"]
[Result "1-0"]
[ICCResult "Black resigns"]
[WhiteElo "1637"]
[BlackElo "1184"]
[Opening "Vienna: `Frankenstein-Dracula' variation"]
[ECO "C27"]
[NIC "VG.02"]
[Time "16:07:28"]
[TimeControl "120+12"]

1. e4 e5 2. Nc3 Nf6 3. Bc4 Nxe4 4. Qh5 Nd6 5. Bb3 Nc6 6. Nb5 g6 7. Qf3 f5 8.
Qd5 Qe7 9. Nxc7+ Kd8 10. Nxa8 b6 11. d3 Bb7 12. Nxb6 axb6 13. Qf3 Bg7 14.
Qg3 Rf8 15. Bg5 Bf6 16. Bh6 Rh8 17. c3 e4 18. d4 g5 19. Ne2 f4 20. Qg4 Kc7
21. O-O Nf7 22. Bxf7 Qxf7 23. Bxg5 Rg8 24. Qxf4+ {Black resigns} 1-0

[Event "GambitGuide"]
[Site "Internet Chess Club"]
[Date "2014.10.31"]
[Round "1"]
[White "JSBach"]
[Black "nsideurheadbro"]
[Result "1-0"]
[ICCResult "Black resigns"]
[WhiteElo "1643"]
[BlackElo "1184"]
[Opening "Vienna: `Frankenstein-Dracula' variation"]
[ECO "C27"]
[NIC "VG.02"]
[Time "16:09:32"]
[TimeControl "120+12"]

1. e4 e5 2. Nc3 Nf6 3. Bc4 Nxe4 4. Qh5 Nd6 5. Bb3 Nc6 6. Nb5 g6 7. Qf3 f5 8.
Qd5 Qe7 9. Nxc7+ Kd8 10. Nxa8 b6 11. d3 Bb7 12. Nxb6 axb6 13. Qf3 Kc7 14.
Bd2 f4 15. Qg4 g5 16. Nf3 h5 17. Qxg5 Rg8 18. Qxg8 {Black resigns} 1-0

[Event "GambitGuide"]
[Site "Internet Chess Club"]
[Date "2014.10.31"]
[Round "1"]
[White "JSBach"]
[Black "Propugnator"]
[Result "1-0"]
[ICCResult "Black disconnected and forfeits"]
[WhiteElo "1645"]
[BlackElo "1795"]
[Opening "Vienna: `Frankenstein-Dracula' variation"]
[ECO "C27"]
[NIC "VG.02"]
[Time "16:08:53"]
[TimeControl "120+12"]

1. e4 e5 2. Nc3 Nf6 3. Bc4 Nxe4 4. Qh5 Nd6 5. Bb3 Nc6 6. Nb5 g6 7. Qf3 f5 8.
Qd5 Qe7 9. Nxc7+ Kd8 10. Nxa8 b6 11. d3 Bb7 12. Nxb6 axb6 13. Qf3 Bg7 14.
Qh3 Nd4 15. Be3 Ne6 16. Bxb6+ Ke8 17. Ne2 Ng5 18. Qg3 f4 19. Qg4 h5 20. Bd8
Kxd8 21. Qh4 Nf3+ 22. gxf3 Qxh4 23. Ng1 Qg5 24. Kf1 Nf5 25. Re1 d6 26. Be6
Ke7 27. Bc4 d5 28. Bb5 Kd6 29. Ne2 Bc6 30. Rg1 Qf6 31. Nc3 Bxb5 32. Nxb5+
Kc5 33. Nc3 Rb8 34. Rg2 Rxb2 35. Na4+ Kb4 36. Nxb2 e4 37. fxe4 Qxb2 38. exf5
Bc3 39. Rxg6 Qxc2 40. a3+ Ka5 41. Re8 Qxd3+ 42. Kg2 f3+ 43. Kg3 Qxf5 44.
Ra8+ Kb5 45. a4+ Kb4 46. Rb6+ Ka3 47. h3 Be5+ 48. Kh4 Bf6+ 49. Rxf6 Qxf6+
50. Kg3 d4 51. Ra7 d3 52. Rb7 d2 53. Rd7 Qe5+ 54. Kxf3 Qc3+ 55. Ke2 Kxa4 56.
Rxd2 Qxh3 57. Rd6 Qg4+ 58. f3 Qg2+ 59. Ke3 h4 60. Rd4+ Kb3 61. Rxh4 Kc3 62.
Rg4 Qd2+ 63. Ke4 Qd3+ 64. Kf4 Kd2 65. Rg2+ Ke1 66. Kg3 Qf5 67. f4 Kf1 68.
Rd2 Qg6+ 69. Kf3 Qc6+ 70. Ke3 Qc5+ 71. Rd4 Kg2 72. Ke4 Kg3 73. f5 Qe7+ 74.
Kd5 Qf7+ 75. Ke5 Qc7+ 76. Ke6 Qc6+ 77. Ke5 Qc5+ 78. Rd5 Qe3+ 79. Kf6 Kf4 80.
Kg6 Qg3+ 81. Kf6 Qg5+ 82. Ke6 Qg8+ 83. Kd6 Kg5 84. Re5 Kf6 85. Rd5 Qd8+ 86.
Kc5 Qc7+ 87. Kd4 Qf4+ 88. Kc5 Qe4 89. Kc6 Qc4+ 90. Rc5 Qa6+ 91. Kd7 Qb7+ 92.
Kd6 Qb6+ 93. Kd5 Kxf5 94. Kd4+ Kf4 95. Kd5 {Black disconnected and forfeits}
1-0

[Event "GambitGuide"]
[Site "Internet Chess Club"]
[Date "2014.10.31"]
[Round "1"]
[White "JSBach"]
[Black "Oregon-Player"]
[Result "1-0"]
[ICCResult "Black disconnected and forfeits"]
[WhiteElo "1633"]
[BlackElo "1018"]
[Opening "Vienna: `Frankenstein-Dracula' variation"]
[ECO "C27"]
[NIC "VG.02"]
[Time "16:15:20"]
[TimeControl "120+12"]

1. e4 e5 2. Nc3 Nf6 3. Bc4 Nxe4 4. Qh5 Nd6 5. Bb3 Nc6 6. Nb5 g6 7. Qf3 f5 8.
Qd5 Qe7 9. Nxc7+ Kd8 10. Nxa8 b6 11. d3 e4 12. dxe4 Nxe4 13. Be3 Nb4 14. Qc4
Bb7 15. Qc7+ Ke8 16. Qb8+ {Black disconnected and forfeits} 1-0

[Event "GambitGuide"]
[Site "Internet Chess Club"]
[Date "2014.10.31"]
[Round "1"]
[White "JSBach"]
[Black "Smashandgrab"]
[Result "1-0"]
[ICCResult "Black resigns"]
[WhiteElo "1668"]
[BlackElo "1457"]
[Opening "Vienna: `Frankenstein-Dracula' variation"]
[ECO "C27"]
[NIC "VG.02"]
[Time "16:14:28"]
[TimeControl "120+12"]

1. e4 e5 2. Nc3 Nf6 3. Bc4 Nxe4 4. Qh5 Nd6 5. Bb3 Nc6 6. Nb5 g6 7. Qf3 f5 8.
Qd5 Qe7 9. Nxc7+ Kd8 10. Nxa8 b6 11. d3 Bg7 12. Nh3 Bb7 13. Bg5 Bf6 14. Nxb6
axb6 15. g3 Nd4 16. Qxb7 Nxb7 17. Be3 Nxb3 18. axb3 Kc7 19. Ra6 Nc5 20. Ra7+
Kb8 21. Ra2 Rc8 22. b4 Nb7 23. Ra4 b5 24. Ra2 Qxb4+ 25. c3 Qb3 26. Ra6 f4
27. Ba7+ Kc7 28. Rxf6 Qxb2 29. O-O fxg3 30. fxg3 Qa2 31. Bb6+ Kb8 32. d4 Qc4
33. Rb1 exd4 34. Bxd4 Nc5 35. Rb4 Qe2 36. Rb6+ Kc7 37. R4xb5 Qe1+ 38. Kg2
Nd3 39. Ng5 Qe2+ 40. Kg1 Ne1 41. Rc5+ Kxb6 42. Re5+ Kb7 43. Rxe2 {Black
resigns} 1-0